 Dungeon Crawl Stone Soup version 0.29.1-1-gd02db69 (webtiles) character file.

Game seed: 7920191434309228426

356 BaronVonScrub the Ruffian (level 6, -6/61 HPs)
             Began as a Troll Monk on Feb 11, 2023.
             Was a Believer of Uskayaw.
             Mangled by a gnoll
             ... wielding a +0 spear
              (8 damage)
             ... on level 4 of the Dungeon.
             The game lasted 00:06:40 (2022 turns).

BaronVonScrub the Ruffian (Troll Monk)              Turns: 2022, Time: 00:06:41

Health: -6/61      AC:  4    Str: 22    XL:     6   Next: 36%
Magic:  5/5        EV: 10    Int:  6    God:    Uskayaw [**....]
Gold:   235        SH:  0    Dex: 12    Spells: 5/5 levels left

rFire   . . .      SeeInvis .     - Unarmed
rCold   . . .      Faith    .   (no shield)
rNeg    . . .      Spirit   .   a - +0 robe
rPois   .          Reflect  .   (helmet restricted)
rElec   .          Harm     .   (no cloak)
rCorr   .          Rampage  .   (gloves unavailable)
Will    .....                   (boots unavailable)
Stlth   ++........              (no amulet)
HPRegen 1.00/turn               (no ring)
MPRegen 0.09/turn               (no ring)

@: no status effects
A: large, unfitting armour, claws 3, regeneration 1, shaggy fur 1, tough skin 1
a: Renounce Religion, Stomp, Line Pass


You were on level 4 of the Dungeon.
You worshipped Uskayaw.
Uskayaw was noncommittal.
You visited 1 branch of the dungeon, and saw 4 of its levels.

You collected 235 gold pieces.

Inventory:

Armour
 a - a +0 robe (worn)
Jewellery
 e - a ring of positive energy
 o - a ring of poison resistance
 p - a ring of flight
Wands
 k - a wand of digging (2)
Scrolls
 c - a scroll of identify
 d - a scroll of amnesia {unknown}
 f - a scroll of poison
 h - a scroll of torment {unknown}
 n - a scroll of immolation {unknown}
 q - a scroll of fear
Potions
 b - a potion of ambrosia
 g - a potion of haste {unknown}
 i - a potion of heal wounds {unknown}
 j - 2 potions of invisibility {unknown}
 l - a potion of degeneration {unknown}
 m - a potion of magic {unknown}


   Skills:
 + Level 3.1 Fighting
 + Level 3.5 Dodging
 + Level 1.5 Stealth
 + Level 5.6 Unarmed Combat


You had 5 spell levels left.
You didn't know any spells.
Your spell library was empty.

Dungeon Overview and Level Annotations

Branches:
Dungeon (4/15)
 Temple: D:4-7

Altars:
Uskayaw

Shops:
D:4 *

Annotations:
D:2 Robin


Innate Abilities, Weirdness & Mutations

You are too large for most types of armour.
You have claws for hands.
Your natural rate of healing is unusually fast.
You are covered in fur. (AC +1)
You have tough skin. (AC +1)


Message History

The hound attacks as you move away!
The hound bites you but does no damage. x2
The gnoll attacks as you move away! The gnoll barely misses you.
The hound attacks as you move away! The hound misses you.
You claw the hound!
You kill the hound!
You claw the giant cockroach!
You kill the giant cockroach!
You can now pass through a line of other dancers.
You closely miss the gnoll.
The gnoll is heavily wounded.
The gnoll barely misses you. The gnoll hits you with a +0 whip!
You scratch the gnoll.
The gnoll is severely wounded.
The gnoll barely misses you. The gnoll hits you but does no damage.
You claw the gnoll!
You kill the gnoll!
The gnoll closely misses you. The gnoll hits you with a +0 spear.
The gnoll hits you with a +0 spear! The orc barely misses you.
Things that are here:
a +0 whip; a gnoll corpse; a giant cockroach corpse You scratch the gnoll but do no damage.
You claw the gnoll, but do no damage. The gnoll barely misses you.
The gnoll closely misses you. The orc closely misses you.
You closely miss the gnoll. The gnoll barely misses you.
The gnoll closely misses you. The orc closely misses you.
You barely miss the gnoll. The gnoll hits you with a +0 spear!
The gnoll hits you with a +0 spear. The orc hits you but does no damage.
You barely miss the gnoll. You claw the gnoll.
The gnoll is moderately wounded.
The gnoll hits you with a +0 spear!
* * * LOW HITPOINT WARNING * * *
The gnoll hits you with a +0 spear.
* * * LOW HITPOINT WARNING * * *
The orc hits you from afar with a +0 trident.
* * * LOW HITPOINT WARNING * * *
The gnoll hits you from afar with a +0 spear.
* * * LOW HITPOINT WARNING * * *
The gnoll attacks as you move away! The gnoll hits you with a +0 spear!
You die...

#.......[........... ..
##.[..###.!.<....(... ..#
##.....##.............
...##.......#......#∩.∩.∩#
.............$....#######
#..##.................
##....####....g.......
#.###...## #..##g##.....
#.......# ##..@## #....
....#...## ##..## .### ...
##...# ##...# # .
....###..###..#....# #
.........)....##..#
####.....##.### #...
##.##..#... .### #..
#.##...# # #.. #.#..#.#


You could see 2 gnolls.

Vanquished Creatures
  Sigmund (D:3)
  A hound (D:4)
  Jessica (D:2)
  2 gnolls
  2 adders
  2 worms
  3 orcs (D:4)
  2 endoplasms (D:1)
  4 giant cockroaches
  15 goblins
  11 hobgoblins
  11 kobolds
  6 quokkas
  3 ball pythons
  7 bats
  3 frilled lizards
  6 rats
80 creatures vanquished.

Vanquished Creatures (others)
  5 toadstools (D:2)
5 creatures vanquished.

Grand Total: 85 creatures vanquished

Notes
Turn   | Place    | Note
-------+----------+-------------------------------------------
     0 | D:1      | BaronVonScrub the Troll Monk began the quest for the Orb.
     0 | D:1      | Reached XP level 1. HP: 22/22 MP: 0/0
    84 | D:1      | Reached XP level 2. HP: 29/29 MP: 1/1
   484 | D:2      | Found a faded altar of an unknown god.
   491 | D:2      | Prayed at the altar of an unknown god.
   491 | D:2      | Became a worshipper of Uskayaw the Reveller
   491 | D:2      | Reached * piety under Uskayaw
   491 | D:2      | Reached ** piety under Uskayaw
   552 | D:2      | Reached XP level 3. HP: 36/36 MP: 2/2
   624 | D:2      | Noticed Jessica
   632 | D:2      | Killed Jessica
   645 | D:2      | Noticed Robin
   648 | D:2      | Reached XP level 4. HP: 45/45 MP: 3/3
   667 | D:2      | Reached skill level 4 in Unarmed Combat
   689 | D:2      | Reached *** piety under Uskayaw
  1412 | D:3      | Noticed Sigmund
  1468 | D:3      | Killed Sigmund
  1469 | D:3      | Reached skill level 5 in Unarmed Combat
  1469 | D:3      | Reached XP level 5. HP: 27/53 MP: 4/4
  1469 | D:3      | Reached XP level 6. HP: 31/61 MP: 5/5
  1826 | D:4      | Found Ysohagrit's CLEARANCE SALE!.
  2021 | D:4      | HP: 2/61 [gnoll/+0 spear (5)]
  2022 | D:4      | Mangled by a gnoll

Illustrated notes

Levels and vault maps discovered:
D:1:      co_arrival_random_square_maze, layout_rooms
D:2:      layout_basic, nicolae_ecumenical_oubliette, minmay_misc_feat_plants,
          minmay_gold_behind_fungi, minmay_hedge_maze, serial_bayou_pond_d,
          uniq_robin, uniq_jessica
D:3:      layout_rooms, uniq_sigmund
D:4:      layout_cave_pools, nicolae_overflow_hidden_temple,
          biasface_ghost_orc_armoury, nicolae_shop_clearance

Skill      XL: |  1  2  3  4 |
---------------+-------------+-----
Fighting       | 3 |  3.1
Unarmed Combat | 5 |  5.6
Dodging        | 3 |  3.5
Stealth        | |  1.5

Action                   |  1- 3 |  4- 6 || total
-------------------------+-------+-------++-------
Melee: Unarmed           |    66 |   139 ||   205
       Punch             |       |     3 ||     3
  Use: Scroll            |     2 |       ||     2
 Stab: Sleeping          |       |     3 ||     3
       Paralysed         |       |     1 ||     1
Armor: Robe              |    17 |    48 ||    65
Dodge: Dodged            |    44 |   110 ||   154
